 Dungeon Crawl Stone Soup version 0.26.1-11-gd32895ea62 (webtiles) character file.

Game seed: 15386108691932075530

353 phalm the Conjurer (level 6, 0/61 HPs)
             Began as a Mummy Conjurer on June 21, 2021.
             Was an Initiate of Gozag.
             Slain by a wraith (7 damage)
             ... in an ossuary.
             The game lasted 00:11:29 (6034 turns).

phalm the Conjurer (Mummy Conjurer)                 Turns: 6034, Time: 00:11:30

Health: 0/61       AC:  5    Str: 17    XL:     6   Next: 35%
Magic:  3/12       EV: 12    Int: 19    God:    Gozag
Gold:   306        SH:  0    Dex: 10    Spells: 2/13 levels left

rFire    x . .     SeeInvis .   a - +0 trident
rCold    + . .     Faith    .   (no shield)
rNeg     + + +     Spirit   .   f - +0 robe
rPois    ∞         Reflect  .   t - +0 helmet
rElec    .         Harm     .   m - +0 cloak
rCorr    .         Rampage  .   c - +0 pair of gloves
Will     +....                  (no boots)
Stlth    ++........             z - amulet of Vitality {Regen+ HP+15}
HPRegen  0.60/turn              u - ring of willpower
MPRegen  0.13/turn              S - +6 ring of strength

@: slowed, very slow
A: no potions, fire vulnerability, cold resistance 1, negative energy resistance
3, torment resistance, unbreathing
a: Renounce Religion, Potion Petition, Call Merchant, Bribe Branch


You were in an ossuary.
You worshipped Gozag.
Gozag was aware of your devotion.
You visited 2 branches of the dungeon, and saw 6 of its levels.
You also visited: Ossuary.

You collected 368 gold pieces.
You paid 62 gold pieces to Gozag.


Innate Abilities, Weirdness & Mutations

You do not drink.
Your flesh is vulnerable to fire.
You are immune to poison.
Your flesh is cold resistant. (rC+)
You are immune to negative energy. (rN+++)
You are immune to unholy pain and torment.
You can survive without breathing.


   Skills:
 + Level 2.6 Fighting
 - Level 1.5 Dodging
 - Level 1.5 Stealth
 + Level 4.4 Spellcasting
 * Level 4.8 Conjurations
 * Level 1.4 Hexes
 * Level 1.2 Translocations


You had 2 spell levels left.
You knew the following spells:

 Your Spells              Type           Power        Failure   Level
f - Fulminant Prism       Conj/Hex       8%           36%         4
m - Magic Dart            Conj           88%          1%          1
s - Searing Ray           Conj           44%          2%          2
X - Iskenderun's Mystic   Conj/Tloc      15%          36%         4

Your spell library contained the following spells:

 Spells                   Type           Power        Failure   Level
 Dazzling Flash           Conj/Hex       32%          11%         3

Inventory:

Hand Weapons
 a - a +0 trident (weapon)
   (You took it off an orc on level 3 of the Dungeon)
 b - a +0 hunting sling
   (You found it on level 1 of the Dungeon)
 d - a +0 club
   (You took it off a goblin on level 1 of the Dungeon)
 g - a cursed -3 hand axe
   (You found it on level 1 of the Dungeon)
 s - a +0 short sword
   (You took it off a kobold on level 1 of the Dungeon)
Missiles
 h - 48 bolts
 k - 19 poisoned darts (quivered)
 l - 76 arrows
 q - 18 sling bullets
 r - 102 stones
Armour
 c - a +0 pair of gloves (worn)
   (You found it on level 1 of the Dungeon)
 f - a +0 robe (worn)
 m - a +0 cloak (worn)
   (You found it on level 2 of the Dungeon)
 o - a +0 buckler
   (You took it off a kobold on level 2 of the Dungeon)
 t - a +0 helmet (worn)
   (You found it on level 3 of the Dungeon)
Jewellery
 e - an uncursed amulet of inaccuracy
   (You found it on level 1 of the Dungeon)
 u - a ring of willpower (left hand)
   (You took it off an orc wizard on level 3 of the Dungeon)
 z - the amulet of Vitality (around neck) {Regen+ HP+15}
   (You acquired it in an ossuary)

   [amulet of regeneration]

   It affects your health (+15).
   It increases your rate of regeneration.
 S - a +6 ring of strength (right hand)
   (You found it on level 4 of the Dungeon)
Scrolls
 i - 2 scrolls of blinking {!r}
 j - 2 scrolls of teleportation {@r4}
 n - 2 scrolls of immolation {!r!r}
 p - 3 scrolls of identify {@r1}
 v - a scroll of enchant armour
 x - a scroll of fog
 y - a scroll of enchant weapon

Dungeon Overview and Level Annotations

Branches:
Dungeon (5/15)             Temple (1/1) D:4         Ossuary (1/1)

Altars:
Ashenzari
Cheibriados
Dithmenos
Elyvilon
Fedhas
Gozag
Hepliaklqana
Makhleb
Nemelex Xobeh
Okawaru
Trog
Uskayaw
Vehumet
Wu Jian
Xom
Yredelemnul
Zin
The Shining One

#....##...##...##...##..
#....#...##.!.!.##...#..
#....'...'.!!!...#...'..
#....#...##.....##...#..
#....##...##...##...##..
#.....##...#####...##...
#......##.........##....
#.......#####'#####.....
#.∩....@W...............
#.......................
############'''#########
####...#### #.!'...'..#
#..#...#!.# ####...####
#...# #...#


You could see a wraith.


Message History

😕 HP[-7] MP[-1]
You take 7 damage, and now have 51/61 hp.
You lost 1 mp, and now have 1/12 mp.
Casting: Magic Dart (safe; 1% risk of failure)
Confirm with . or Enter, or press ? or * to list all spells.
Aiming: Magic Dart (safe; 1% risk of failure)
Press: ? - help, Shift-Dir - straight line, f/p - wraith
Aim: a wraith (heavily damaged, 0% to evade)
The magic dart hits the wraith but does no damage.
The wraith hits you! The wraith drains your vigour!
You feel as though you will be slow longer.
The wraith hits you but does no damage. 😮 HP[-6] MP[-1]
You take 6 damage, and now have 45/61 hp.
You lost 1 mp, and now have 0/12 mp.
You hit the wraith but do no damage.
The wraith closely misses you. x2 😕 HP[+1] MP[+1]
You hit the wraith. The wraith hits you!
The wraith closely misses you. 😮 HP[-10]
You take 10 damage, and now have 36/61 hp.
You hit the wraith. The wraith hits you!
* * * LOW HITPOINT WARNING * * *
The wraith drains your vigour!
You feel as though you will be slow longer.
The wraith hits you.
* * * LOW HITPOINT WARNING * * *
The wraith drains your vigour!
You feel as though you will be slow longer. 😨 HP[-7]
You take 7 damage, and now have 29/61 hp.
Throw: 22 darts (poison)
Press: ? - help, Q - select action, (/) - cycle Shift-Dir - straight line, f/p - wraith
Aim: a wraith (severely damaged, 56% to hit)
You throw a poisoned dart. The poisoned dart hits the wraith.
The wraith misses you. 😨 HP[+1] Throw: 21 darts (poison)
Press: ? - help, Q - select action, (/) - cycle Shift-Dir - straight line, f/p - wraith
Aim: a wraith (severely damaged, 56% to hit)
You throw a poisoned dart.
The poisoned dart closely misses the wraith.
The wraith hits you!
* * * LOW HITPOINT WARNING * * *
The wraith drains your vigour!
You feel as though you will be slow longer.
The wraith closely misses you. 😨 HP[-11]
You take 11 damage, and now have 19/61 hp.
Throw: 20 darts (poison)
Press: ? - help, Q - select action, (/) - cycle Shift-Dir - straight line, f/p - wraith
Aim: a wraith (severely damaged, 56% to hit)
You throw a poisoned dart. The poisoned dart hits the wraith.
The wraith hits you!
* * * LOW HITPOINT WARNING * * *
The wraith drains your vigour!
You feel as though you will be slow longer. 😱 HP[-10] MP[+1]
You take 10 damage, and now have 9/61 hp. 😱 HP[+1]
Okay, then.
The wraith hits you but does no damage. 😱 HP[+1] 😱 HP[+1]
The wraith hits you but does no damage. 😱 HP[+1]
The wraith hits you.
* * * LOW HITPOINT WARNING * * *
😱 HP[-3] MP[+1]
You take 3 damage, and now have 10/61 hp. 😱 HP[+1]
The wraith misses you. 😱 HP[+1] 😱 HP[+1]
The wraith hits you but does no damage.
There is an open door here. 😱 HP[+1] MP[+1] 😱 HP[+1]
The wraith hits you!
* * * LOW HITPOINT WARNING * * *
😱 HP[-8]
You take 8 damage, and now have 7/61 hp. 😱 HP[+1]
The wraith barely misses you. 😱 HP[+1] 😱 HP[+1] MP[+1]
Okay, then.
The wraith hits you.
* * * LOW HITPOINT WARNING * * *
😱 HP[-3]
You take 3 damage, and now have 7/61 hp.
Casting: Magic Dart (safe; 1% risk of failure)
Confirm with . or Enter, or press ? or * to list all spells.
Aiming: Searing Ray (safe; 2% risk of failure)
Press: ? - help, Shift-Dir - straight line, f/p - wraith
Aim: a wraith (heavily damaged, 22% to evade)
The searing ray hits the wraith. (Press . to maintain the ray.)
The wraith hits you!
You die...
Your body crumbles into a pile of gold.

Skill      XL: |  1  2  3  4  5 |
---------------+----------------+-----
Spellcasting   | 3 4 |  4.4
Fighting       | 1 2 |  2.6
Conjurations   | 4 |  4.8
Hexes          | 1 |  1.4
Translocations | 1 |  1.2
Dodging        | |  1.5
Stealth        | |  1.5

Action                   |  1- 3 |  4- 6 || total
-------------------------+-------+-------++-------
Melee: Short sword       |    38 |       ||    38
       Trident           |       |    10 ||    10
Throw: Dart              |       |     3 ||     3
 Cast: Magic Dart        |    82 |   135 ||   217
       Searing Ray       |     2 |    14 ||    16
  Use: Scroll            |       |    10 ||    10
Armor: Robe              |     7 |    15 ||    22
Dodge: Dodged            |    21 |    26 ||    47

Levels and vault maps discovered:
D:1:      matt_arrival_spirals, layout_basic, chequers_serial_rivers_large_a,
          grunt_decor_junction, kennysheep_minor_cross
D:2:      layout_basic, gammafunk_temple_overflow_wave, serial_forest,
          infiniplex_forest_clump_diagonal, infiniplex_forest_end_2,
          infiniplex_forest_lined_3, infiniplex_forest_lined_2,
          infiniplex_forest_end_3, infiniplex_forest_straight_4,
          infiniplex_forest_straight_1, chequers_ecumenical_altar_simple,
          minmay_pentomino_x4
D:3:      layout_rooms, corexii_corridor_pit
D:4:      layout_loops_cross, minmay_temple_entry_trees
D:5:      layout_loops_cross, kennysheep_vampire_church, serial_shops, shop,
          nicolae_ossuary_entry_monument
Temple:   eino_temple_scatter_basement
Ossuary:  ossuary_due_mausoleum

Notes
Turn   | Place    | Note
-------+----------+-------------------------------------------
     0 | D:1      | phalm the Mummy Conjurer began the quest for the Orb.
     0 | D:1      | Reached XP level 1. HP: 13/13 MP: 4/4
     0 | D:1      | magus.rc [v1.9.10]
   470 | D:1      | Reached XP level 2. HP: 20/20 MP: 3/5
   473 | D:1      | Learned a level 2 spell: Searing Ray
   542 | D:1      | Reached skill level 3 in Spellcasting
  1041 | D:1      | Reached skill level 1 in Fighting
  1264 | D:2      | Reached XP level 3. HP: 19/26 MP: 3/7
  1796 | D:2      | Found a faded altar of an unknown god.
  2180 | D:2      | Reached skill level 4 in Conjurations
  2461 | D:2      | Found a glowing silver altar of Zin.
  2461 | D:2      | Found a blossoming altar of Fedhas.
  2709 | D:2      | Reached XP level 4. HP: 25/32 MP: 0/9
  2982 | D:3      | a +0 mace; a crystal plate armour {rare}
  3010 | D:3      | HP: 5/33 [orc priest/divine providence (9)]
  3012 | D:3      | Reached skill level 2 in Fighting
  3155 | D:3      | Reached XP level 5. HP: 24/38 MP: 2/10
  3415 | D:2      | Reached skill level 4 in Spellcasting
  3531 | D:3      | Learned a level 4 spell: Iskenderun's Mystic Blast
  3536 | D:3      | Learned a level 4 spell: Fulminant Prism
  4068 | D:4      | Reached skill level 1 in Hexes
  4196 | D:4      | Reached skill level 1 in Translocations
  4196 | D:4      | Reached XP level 6. HP: 46/46 MP: 6/12
  4573 | D:4      | Found a staircase to the Ecumenical Temple.
  4592 | Temple   | Entered the Ecumenical Temple
  4694 | Temple   | Became a worshipper of Gozag Ym Sagoz the Greedy
  5187 | D:5      | Entered Level 5 of the Dungeon
  5187 | D:5      | Found a sand-covered staircase.
  5192 | Ossuary  | Entered an ossuary
  5192 | Ossuary  | Noticed a wraith
  5192 | Ossuary  | Noticed a wraith
  5192 | Ossuary  | Noticed a wraith
  5540 | Ossuary  | Identified a scroll of acquirement
  5551 | Ossuary  | Noticed a wraith
  5576 | Ossuary  | Acquired the amulet of Vitality {Regen+ HP+15}
  5577 | Ossuary  | Found the amulet of Vitality {Regen+ HP+15}
  6017 | Ossuary  | HP: 9/61 [wraith (11)]
  6022 | Ossuary  | HP: 10/61 [wraith (4)]
  6029 | Ossuary  | HP: 7/61 [wraith (9)]
  6034 | Ossuary  | Slain by a wraith

Vanquished Creatures
  2 orc priests (D:3)
  A bullfrog skeleton (D:4)
  2 orc wizards
  A worker ant (D:4)
  2 hound skeletons (D:4)
  A mummy (Ossuary)
  6 adders
  A worm (D:3)
  A dart slug (D:1)
  6 orcs
  9 bats
  3 giant cockroaches
  7 hobgoblins
  4 jackals (D:2)
  A quokka (D:2)
  3 frilled lizards
  5 gnoll skeletons (Ossuary)
  6 goblins
  8 kobolds
  10 kobold skeletons (Ossuary)
  10 orc skeletons (Ossuary)
  A quokka skeleton (D:4)
  6 rats
96 creatures vanquished.

Vanquished Creatures (others)
  2 plants (D:2)
2 creatures vanquished.

Grand Total: 98 creatures vanquished

Table legend:
 A = Non-vault XP
 B = Vault XP
 C = Vault XP percentage of total XP
 D = Non-vault monster count
 E = Vault monster count
 F = Vault count percentage of total count
                 A         B        C        D         E       F
            +---------+---------+-------+---------+---------+-------
      Total |     455 |      50 |   9.9 |      66 |      30 |  31.2
            +---------+---------+-------+---------+---------+-------
        D:1 |      30 |       0 |   0.0 |      19 |       0 |   0.0
        D:2 |      95 |       7 |   6.9 |      20 |       4 |  16.7
        D:3 |     174 |       0 |   0.0 |      17 |       0 |   0.0
        D:4 |     156 |       0 |   0.0 |      10 |       0 |   0.0
    Ossuary |       0 |      43 | 100.0 |       0 |      26 | 100.0
            +---------+---------+-------+---------+---------+-------

Illustrated notes

Table legend:
 A = Kills in this place as a percentage of kills in entire the game.
 B = Kills by you in this place as a percentage of kills by you in the entire game.
 C = Kills by friends in this place as a percentage of kills by friends in the entire game.
 D = Other kills in this place as a percentage of other kills in the entire game.
 E = Experience gained in this place as a percentage of experience gained in the entire game.
 F = Experience gained in this place divided by the number of levels of this place that you have seen.
                   A       B       C       D       E      F
               +-------+-------+-------+-------+-------+----------------------
         Total | 100.0 | 100.0 |   N/A |   N/A | 100.0 |  72.1
       Dungeon |  72.9 |  72.9 |   N/A |   N/A |  91.5 |  92.4
       Ossuary |  27.1 |  27.1 |   N/A |   N/A |   8.5 |  43.0
               +-------+-------+-------+-------+-------+----------------------

Table legend: (Time is in decaauts)
 A = Elapsed time spent in this place.
 B = Non-inter-level travel time spent in this place.
 C = Inter-level travel time spent in this place.
 D = Time resting spent in this place.
 E = Time spent auto-exploring this place.
 F = Levels seen in this place.
 G = Mean time per level.
                   A        B        C        D        E       F      G
               +--------+--------+--------+--------+--------+-----+--------+
         Total |   6064 |   5686 |    378 |      0 |   4906 |   7 |  866.3 |
       Dungeon |   4966 |   4609 |    357 |      0 |   4069 |   5 |  993.2 |
        Temple |    242 |    221 |     21 |      0 |    213 |   1 |  242.0 |
       Ossuary |    855 |    855 |      0 |      0 |    624 |   1 |  855.0 |
               +--------+--------+--------+--------+--------+-----+--------+

Top non-repeatable levels by time:
     D:2: 1752 daAuts
     D:1: 1266 daAuts
     D:3: 1012 daAuts
     D:4: 930 daAuts
 Ossuary: 855 daAuts
  Temple: 242 daAuts
     D:5: 4 daAuts
